 Dungeon Crawl Stone Soup version 0.21.1-1-g345015f (webtiles) character file.

1220 Monsterracer the Vexing (level 8, -8/60 HPs)
             Began as a Gnoll Arcane Marksman on Feb 16, 2018.
             Was a Follower of Uskayaw.
             Killed by nerve-wracking pain
             ... invoked by a shadow imp
              (11 damage)
             ... on level 5 of the Dungeon.
             The game lasted 00:10:21 (4503 turns).

Monsterracer the Vexing (Gnoll Arcane Marksman)     Turns: 4503, Time: 00:10:22

Health: -8/60      AC:  9    Str: 15    XL:     8   Next: 47%
Magic:  14/14      EV: 14    Int: 15    God:    Uskayaw [*.....]
Gold:   147        SH:  0    Dex: 16    Spells: 12/15 levels left

rFire    . . .     SeeInvis .   a - +1 rapier
rCold    . . .     Gourm    .   (no shield)
rNeg     . . .     Faith    .   n - +4 ring mail
rPois    .         Spirit   .   (no helmet)
rElec    .         Reflect  .   (no cloak)
rCorr    .         Harm     .   (no gloves)
MR       .....                  (no boots)
Stlth    ++........             k - amulet of regeneration
HPRegen  0.60/turn              (no ring)
MPRegen  0.14/turn              (no ring)

@: lethally poisoned (-8 -> -8)
A: distributed training, fangs 1, strong nose
a: Stomp, Renounce Religion


You were on level 5 of the Dungeon.
You worshipped Uskayaw.
Uskayaw was noncommittal.
You were hungry.

You visited 2 branches of the dungeon, and saw 6 of its levels.
You also visited: Sewer.

You collected 147 gold pieces.

Inventory:

Hand Weapons
 a - a +1 rapier (weapon)
 b - a +0 blowgun
Missiles
 d - 2 throwing nets
 i - 4 poisoned needles
 t - 7 tomahawks (quivered)
Armour
 n - a +4 ring mail (worn)
Jewellery
 k - an amulet of regeneration (around neck)
Wands
 v - a wand of disintegration (13)
Scrolls
 e - a scroll of remove curse
 g - a scroll of magic mapping {!r}
 s - a scroll of amnesia
Potions
 f - 2 potions of might {unknown}
 h - 2 potions of mutation {unknown}
 j - 3 potions of flight
 l - 3 potions of heal wounds {unknown}
 m - 4 potions of curing
 o - a potion of cancellation {unknown}
 q - a potion of brilliance {unknown}
 r - a potion of agility {unknown}
 u - a potion of haste {unknown}
Comestibles
 c - 11 rations


   Skills:
 + Level 4.2 Fighting
 + Level 3.2 Short Blades
 + Level 3.2 Long Blades
 + Level 3.2 Axes
 + Level 3.2 Maces & Flails
 + Level 3.2 Polearms
 + Level 3.2 Staves
 + Level 3.2 Slings
 + Level 3.2 Bows
 + Level 3.2 Crossbows
 + Level 5.6 Throwing
 + Level 3.2 Armour
 + Level 5.6 Dodging
 + Level 3.2 Stealth
 + Level 3.2 Shields
 + Level 3.2 Unarmed Combat
 + Level 4.3 Spellcasting
 + Level 2.6 Conjurations
 + Level 6.1 Hexes
 + Level 2.6 Charms
 + Level 2.6 Summonings
 + Level 2.6 Necromancy
 + Level 2.6 Translocations
 + Level 2.6 Transmutations
 + Level 2.6 Fire Magic
 + Level 2.6 Ice Magic
 + Level 2.6 Air Magic
 + Level 2.6 Earth Magic
 + Level 2.6 Poison Magic
 + Level 3.5 Invocations
 + Level 3.2 Evocations


You had 12 spell levels left.
You knew the following spells:

 Your Spells              Type           Power        Failure   Level  Hunger
c - Portal Projectile     Hex/Tloc       ###...       17%         3    ###....


Dungeon Overview and Level Annotations

Branches:
Dungeon (5/15)             Temple (1/1) D:4

Altars:
Cheibriados
Dithmenos
Elyvilon
Fedhas
Gozag
Kikubaaqudgha
Makhleb
Nemelex Xobeh
Qazlal
Ru
Uskayaw
Vehumet
Wu Jian
Xom
Yredelemnul
Zin

Shops:
D:4 [

Annotations:
D:5 NorthaanB's ghost, novice DsGl


Innate Abilities, Weirdness & Mutations

Your experience applies equally to all skills.
You have very sharp teeth.
Your uncanny sense of smell can sniff out nearby items.


Message History

You feel sick. The worker ant barely misses you.
The giant cockroach misses you.
You take 1 damage, and have 55/60 hp.
You barely miss the worker ant.
You feel sick. The giant cockroach closely misses you.
The worker ant bites you but does no damage.
The giant cockroach closely misses you.
You take 1 damage, and have 54/60 hp.
You hit the worker ant.
The worker ant is lightly wounded.
You feel sick. The worker ant bites you.
You are more poisoned.
The worker ant poisons you!
The giant cockroach bites you but does no damage.
The worker ant bites you.
You take 4 damage, and have 50/60 hp.
You barely miss the worker ant.
The worker ant is lightly wounded.
You feel sick. The giant cockroach closely misses you.
The worker ant bites you but does no damage.
You take 1 damage, and have 49/60 hp.
You completely miss the worker ant.
The worker ant is lightly wounded.
You feel sick. The giant cockroach barely misses you.
The worker ant bites you but does no damage.
You take 1 damage, and have 48/60 hp.
You completely miss the worker ant.
The worker ant is lightly wounded.
You feel sick. The worker ant closely misses you.
The giant cockroach barely misses you.
The worker ant bites you but does no damage.
The giant cockroach bites you.
You take 3 damage, and have 45/60 hp.
You closely miss the worker ant.
You bite the worker ant, but do no damage.
The worker ant is lightly wounded.
You feel sick. The worker ant closely misses you.
The giant cockroach bites you but does no damage.
You are too injured to fight recklessly!
You hit the worker ant but do no damage.
The worker ant is lightly wounded.
You feel sick. The giant cockroach closely misses you.
The worker ant barely misses you.
You take 1 damage, and have 44/60 hp.
You are too injured to fight recklessly!
You completely miss the worker ant.
The worker ant is lightly wounded.
You are feeling hungry.
You feel sick.
The orc shouts!
The worker ant completely misses you. The giant cockroach closely misses you.
You are too injured to fight recklessly!
The worker ant twitches its antennae in your direction.
You hit the worker ant.
The worker ant is moderately wounded.
You feel sick.
The giant cockroach bites you but does no damage.
The worker ant waves its antennae.
The worker ant bites you. The orc hits you with a falchion.
You take 11 damage, and have 33/60 hp.
You barely miss the worker ant.
The worker ant is moderately wounded.
You feel sick. The worker ant bites you.
* * * LOW HITPOINT WARNING * * *
The giant cockroach barely misses you. The orc misses you.
The giant cockroach completely misses you.
The worker ant closely misses you.
An orc priest comes into view.
You take 4 damage, and have 29/60 hp.
You feel sick.
The orc priest shouts!
The giant cockroach misses you.
You feel sick.
The orc priest calls down the wrath of Beogh upon you.
Beogh smites you!
* * * LOW HITPOINT WARNING * * *
The orc misses you.
You take 16 damage, and have 13/60 hp.
MASSIVE DAMAGE!!
You feel sick.
Found a ration.
You take 1 damage, and have 13/60 hp.
You feel sick.
The orc priest begins to cast a cantrip, but forgets the words!
The worker ant misses you.
You feel sick.
You take 1 damage, and have 13/60 hp.
You feel sick.
You take 1 damage, and have 13/60 hp.
The giant cockroach waves its antennae.
The worker ant waves its antennae.
The orc priest mumbles some strange prayers to Beogh against you.
Beogh smites you!
* * * LOW HITPOINT WARNING * * *
You take 11 damage, and have 2/60 hp.
You feel sick.
The worker ant bites you but does no damage.
You feel sick.
There is a stone staircase leading up here.
You take 1 damage, and have 2/60 hp.
The shadow imp gestures at you. Pain shoots through your body!
You die...

. ###...........#......# ..
..................#### ...
#..#.............#### ....
#..##.%...o#...##....
.....##..##.###s##......##.
#..................#.#.....
#.##....###.##........###.
.##.##.###a......#.### #.
.........@5.o#.##....####.
###.......s#.#.####......#
#.............# ##.####.#
.....####[...#.# #...#
..... ..##.....#.(.# ....
#########.....# ....
###...# #...# #...#


You could see a worker ant, an orc priest, a shadow imp and a giant cockroach.

Vanquished Creatures
  Grinder (D:4)
  Menkaure (D:4)
  The ghost of Monsterracer the Bolt Thrower, an amateur SpHu (D:3)
  3 ogres
  A big kobold (Sewer)
  A water moccasin skeleton (D:5)
  A hound (D:4)
  A jelly (D:5)
  5 orc wizards
  A worker ant (D:4)
  A hound skeleton (D:4)
  A howler monkey skeleton (D:4)
  5 adders
  A gnoll (D:4)
  2 river rats (Sewer)
  An ooze (D:1)
  4 worms
  2 leopard geckos
  11 orcs
  A ball python (D:2)
  2 giant cockroaches
  5 goblins
  7 hobgoblins
  8 jackals
  10 kobolds
  A quokka (D:5)
  A ball python skeleton (D:4)
  7 bats
  3 frilled lizards
  A leopard gecko skeleton (D:5)
  8 rats
98 creatures vanquished.

Notes
Turn   | Place    | Note
-------+----------+-------------------------------------------
     0 | D:1      | Monsterracer the Gnoll Arcane Marksman began the quest for the Orb.
     0 | D:1      | Reached XP level 1. HP: 17/17 MP: 4/4
   219 | D:1      | Reached XP level 2. HP: 23/23 MP: 5/5
  1061 | D:2      | Reached XP level 3. HP: 21/28 MP: 5/7
  1110 | D:2      | Reached skill level 1 in Invocations
  1222 | D:2      | Learned a level 3 spell: Portal Projectile
  1241 | D:2      | Reached skill level 1 in Short Blades
  1241 | D:2      | Reached skill level 1 in Long Blades
  1241 | D:2      | Reached skill level 1 in Axes
  1241 | D:2      | Reached skill level 1 in Maces & Flails
  1241 | D:2      | Reached skill level 1 in Polearms
  1241 | D:2      | Reached skill level 1 in Staves
  1241 | D:2      | Reached skill level 1 in Slings
  1241 | D:2      | Reached skill level 1 in Bows
  1241 | D:2      | Reached skill level 1 in Crossbows
  1241 | D:2      | Reached skill level 1 in Armour
  1241 | D:2      | Reached skill level 1 in Stealth
  1241 | D:2      | Reached skill level 1 in Shields
  1241 | D:2      | Reached skill level 1 in Unarmed Combat
  1241 | D:2      | Reached skill level 1 in Evocations
  1327 | D:2      | Reached XP level 4. HP: 34/34 MP: 8/8
  1799 | D:3      | Noticed Monsterracer's ghost (amateur SpHu)
  1806 | D:3      | HP: 16/34 [orc wizard/puff of flame (12)]
  1889 | D:3      | Reached skill level 1 in Conjurations
  1889 | D:3      | Reached skill level 1 in Charms
  1889 | D:3      | Reached skill level 1 in Summonings
  1889 | D:3      | Reached skill level 1 in Necromancy
  1889 | D:3      | Reached skill level 1 in Translocations
  1889 | D:3      | Reached skill level 1 in Transmutations
  1889 | D:3      | Reached skill level 1 in Fire Magic
  1889 | D:3      | Reached skill level 1 in Ice Magic
  1889 | D:3      | Reached skill level 1 in Air Magic
  1889 | D:3      | Reached skill level 1 in Earth Magic
  1889 | D:3      | Reached skill level 1 in Poison Magic
  1932 | D:3      | Found a glowing drain.
  1974 | Sewer    | Entered a sewer
  1991 | Sewer    | Reached XP level 5. HP: 37/40 MP: 9/9
  2046 | Sewer    | Noticed a big kobold
  2087 | Sewer    | Killed a big kobold
  2149 | Sewer    | Found a white marble altar of Elyvilon.
  2270 | D:3      | HP: 20/41 [Monsterracer's ghost (2)]
  2381 | D:3      | Reached XP level 6. HP: 45/47 MP: 10/10
  2554 | D:3      | Killed Monsterracer's ghost
  2554 | D:3      | Reached skill level 5 in Throwing
  2554 | D:3      | Reached skill level 5 in Dodging
  2989 | D:4      | Noticed Grinder
  3009 | D:4      | Paralysed by Grinder for 5 turns
  3012 | D:4      | HP: 22/47 [Grinder (5)]
  3020 | D:4      | Killed Grinder
  3020 | D:4      | Reached XP level 7. HP: 28/52 MP: 12/12
  3118 | D:4      | Found Ixop Ulucw's Antique Armour Emporium.
  3208 | D:4      | Noticed Menkaure
  3213 | D:4      | HP: 22/53 [??? (19)]
  3218 | D:4      | HP: 13/53 [??? (11)]
  3313 | D:4      | Found a staircase to the Ecumenical Temple.
  3322 | Temple   | Entered the Ecumenical Temple
  3486 | Temple   | Became a worshipper of Uskayaw the Reveler
  3524 | D:4      | Reached * piety under Uskayaw
  3550 | D:4      | Reached ** piety under Uskayaw
  3716 | D:4      | Found a stormy altar of Qazlal.
  3730 | D:4      | Reached *** piety under Uskayaw
  4093 | D:4      | Killed Menkaure
  4093 | D:4      | Reached skill level 6 in Hexes
  4093 | D:4      | Reached XP level 8. HP: 60/60 MP: 14/14
  4204 | D:5      | Entered Level 5 of the Dungeon
  4204 | D:5      | Noticed NorthaanB's ghost (novice DsGl)
  4488 | D:5      | HP: 29/60 [worker ant (4)]
  4490 | D:5      | HP: 13/60 [orc priest/divine providence (15)]
  4495 | D:5      | HP: 13/60 [poisoned by a worker ant]
  4498 | D:5      | HP: 2/60 [orc priest/divine providence (12)]
  4503 | D:5      | Killed from afar by a shadow imp

Skill      XL: |  1  2  3  4  5  6  7  8 |
---------------+-------------------------+-----
Invocations    | 1 2 3 |  3.5
Short Blades   | 1 2 3 |  3.2
Long Blades    | 1 2 3 |  3.2
Axes           | 1 2 3 |  3.2
Maces & Flails | 1 2 3 |  3.2
Polearms       | 1 2 3 |  3.2
Staves         | 1 2 3 |  3.2
Slings         | 1 2 3 |  3.2
Bows           | 1 2 3 |  3.2
Crossbows      | 1 2 3 |  3.2
Armour         | 1 2 3 |  3.2
Stealth        | 1 2 3 |  3.2
Shields        | 1 2 3 |  3.2
Unarmed Combat | 1 2 3 |  3.2
Evocations     | 1 2 3 |  3.2
Spellcasting   | 3 4 |  4.3
Conjurations   | 1 2 |  2.6
Charms         | 1 2 |  2.6
Summonings     | 1 2 |  2.6
Necromancy     | 1 2 |  2.6
Translocations | 1 2 |  2.6
Transmutations | 1 2 |  2.6
Fire Magic     | 1 2 |  2.6
Ice Magic      | 1 2 |  2.6
Air Magic      | 1 2 |  2.6
Earth Magic    | 1 2 |  2.6
Poison Magic   | 1 2 |  2.6
Fighting       | 3 4 |  4.2
Throwing       | 5 |  5.6
Dodging        | 5 |  5.6
Hexes          | 6 |  6.1

Action                   |  1- 3 |  4- 6 |  7- 9 || total
-------------------------+-------+-------+-------++-------
Melee: Unarmed           |    26 |       |       ||    26
       Dagger            |   167 |    16 |       ||   183
       Bite              |    22 |    19 |    28 ||    69
       Rapier            |       |   187 |   153 ||   340
       Punch             |       |     2 |     3 ||     5
Throw: Javelin           |    16 |     3 |     1 ||    20
       Tomahawk          |       |       |     5 ||     5
 Cast: Corona            |     7 |       |       ||     7
  Use: Scroll            |       |     9 |       ||     9
 Stab: Paralysed         |       |       |     2 ||     2
       Sleeping          |       |       |     1 ||     1
  Eat: Chunk             |     2 |     5 |     5 ||    12
Armor: Ring mail         |    65 |    78 |    56 ||   199
Dodge: Dodged            |   143 |   134 |   100 ||   377

Vault maps used:
D:1:      minmay_arrival_five_plusses, grunt_decor_mini_mirrors
D:3:      cheibrodos_sewer_entry_sluice, first_ration
D:4:      minmay_temple_entry_trees, serial_shops,
          nicolae_shop_overgrown_old_shop, grunt_qazlal_clouds, uniq_grinder,
          uniq_menkaure
D:5:      overflow_temple_1_default, basic_altar, fedhas_altar_2, uniq_ijyb
Temple:   eino_temple_rhombus
Sewer:    sewer_kobolds
